 Dungeon Crawl Stone Soup version 0.22-a0-618-gd6a3efe (webtiles) character file.

626 emperorscorpion the Scholar of Death (level 7, -3/37 HPs)
             Began as a Deep Elf Necromancer on July 13, 2018.
             Was a Follower of Kikubaaqudgha.
             Slain by Grinder (5 damage)
             ... on level 5 of the Dungeon on July 14, 2018.
             The game lasted 00:12:16 (5032 turns).

emperorscorpion the Scholar of Death (DENe)         Turns: 5032, Time: 00:12:18

Health: -3/37      AC:  6    Str: 10    XL:     7   Next: 23%
Magic:  14/19      EV: 19    Int: 22    God:    Kikubaaqudgha [*.....]
Gold:   98         SH:  0    Dex: 15    Spells: 10/20 levels left

rFire    . . .     SeeInvis .   a - +2 dagger (venom)
rCold    . . .     Gourm    .   (no shield)
rNeg     . . .     Faith    .   B - +1 leather armour {rPois}
rPois    +         Spirit   .   g - +0 helmet
rElec    .         Reflect  .   (no cloak)
rCorr    .         Harm     .   v - +0 pair of gloves
MR       .....                  (no boots)
Stlth    ++........             (no amulet)
HPRegen  0.12/turn              q - +4 ring of evasion
MPRegen  0.16/turn              t - +2 ring of evasion

@: mighty
A: no striking features
a: Receive Corpses, Renounce Religion


You were on level 5 of the Dungeon.
You worshipped Kikubaaqudgha.
Kikubaaqudgha was aware of your devotion.
You were not hungry.

You visited 1 branch of the dungeon, and saw 5 of its levels.
You also visited: Sewer.

You collected 98 gold pieces.

Inventory:

Hand Weapons
 a - a +2 dagger of venom (weapon)
 b - a +0 shortbow
 o - a +0 rapier
 y - a +0 dagger of venom
Missiles
 C - 35 arrows
Armour
 e - a +0 ring mail
 g - a +0 helmet (worn)
 r - a +0 robe
 u - a +0 shield
 v - a +0 pair of gloves (worn)
 B - a +1 leather armour of poison resistance (worn)
Jewellery
 h - an uncursed ring of ice
 q - a +4 ring of evasion (left hand)
 s - an uncursed ring of flight
 t - a +2 ring of evasion (right hand)
 x - an uncursed ring of resist corrosion
Scrolls
 d - 3 scrolls of immolation
 i - a scroll of remove curse
 n - a scroll of teleportation
Potions
 f - 3 potions of heal wounds
 k - a potion of magic
 l - 4 potions of curing
 m - a potion of might
 p - a potion of cancellation {unknown}
 w - a potion of lignification {unknown}
 z - 3 potions of flight {unknown}
 A - a potion of mutation {unknown}
Comestibles
 c - 6 rations
 j - 2 chunks of flesh


   Skills:
 + Level 0.4 Fighting
 + Level 1.1 Short Blades
 + Level 0.3 Armour
 + Level 3.1 Dodging
 - Level 3.0 Stealth
 + Level 7.3 Spellcasting
 + Level 7.9 Necromancy


You had 10 spell levels left.
You knew the following spells:

 Your Spells              Type           Power        Failure   Level  Hunger
a - Pain                  Necr           ####         1%          1    None
b - Animate Skeleton      Necr           N/A          1%          1    None
c - Corpse Rot            Necr           N/A          1%          2    None
d - Vampiric Draining     Necr           #####.....   1%          3    None
r - Regeneration          Chrm/Necr      ####......   6%          3    None

Your spell library contained the following spells:

 Spells                   Type           Power        Failure   Level  Hunger
 Animate Dead             Necr           N/A          4%          4    ###....
 Sublimation of Blood     Necr           #####.....   1%          2    None


Dungeon Overview and Level Annotations

Branches:
Dungeon (5/15)
 Temple: D:4-7

Altars:
Cheibriados
Kikubaaqudgha
Qazlal
Uskayaw
The Shining One

Shops:
D:5 }

Annotations:
D:5 2 transporters, Grinder; sking99's ghost, novice OgTm


Message History

The orc priest is almost dead.
You feel life coursing into your body.
Your orc priest skeleton closely misses Grinder.
Grinder hits you.
You writhe in agony.
A bullfrog comes into view.
The orc priest invokes the aid of Beogh against you.
Beogh smites you!
* * * LOW HITPOINT WARNING * * *
Casting: Vampiric Draining (safe; 1% risk of failure)
Confirm with . or Enter, or press ? or * to list all spells.
Aiming: Vampiric Draining (safe; 1% risk of failure)
Press: ? - help, Shift-Dir - straight line, f/p - orc priest
Aim: an orc priest, wielding a dagger (almost dead)
You kill the orc priest!
Kikubaaqudgha accepts your kill.
You feel life coursing into your body.
The bullfrog gives a loud, deep croak!
Grinder hits you.
You die...
Kikubaaqudgha rasps: "You have failed me!
Welcome... death!"

.......#.## ##.# ...
#.(..©....#.# ..#.. ..##.
#.........#. ... .o....
#.........# #### # ∩F####o#....
#©........#.#...## #........#....
##8.%?..8##......###.#......#....
.#########.......... ..<....#....
.....©.........(..# #......#..%.
#<# %......@)####.## (#.... #.#
......5Z.).....# ...... ......#
..##...######.#########. .######
#### #.....#..... . #.###.#.###.
# #.#...# ..#. #.#.#####.#(
#.#.Z.....#. #.#Z#####.#.


You could see Grinder, a bullfrog and a friendly orc priest skeleton.

Vanquished Creatures
  An ogre (D:4)
  A centaur (D:5)
  A big kobold (Sewer)
  A water moccasin zombie (D:5)
  A scorpion (D:4)
  2 orc wizards (D:3)
  2 orc priests (D:5)
  3 river rats
  4 adders
  An ooze (D:1)
  A worm (D:4)
  2 dart slugs
  3 leopard geckos
  12 orcs
  10 giant cockroaches
  8 goblins
  9 hobgoblins
  A jackal (Sewer)
  A ball python (D:2)
  7 bats
  6 frilled lizards
  9 kobolds
  11 rats
97 creatures vanquished.

Vanquished Creatures (collateral kills)
  A river rat (Sewer)
  An adder skeleton (D:5)
  An orc (D:3)
  2 rats
5 creatures vanquished.

Grand Total: 102 creatures vanquished

Notes
Turn   | Place    | Note
-------+----------+-------------------------------------------
     0 | D:1      | emperorscorpion the Deep Elf Necromancer began the quest for the Orb.
     0 | D:1      | Reached XP level 1. HP: 10/10 MP: 6/6
    32 | D:1      | Learned a level 1 spell: Animate Skeleton
   247 | D:1      | Reached skill level 5 in Necromancy
   366 | D:1      | Reached XP level 2. HP: 5/15 MP: 1/8
  1665 | D:2      | Reached XP level 3. HP: 18/19 MP: 7/10
  1771 | D:2      | Learned a level 3 spell: Regeneration
  2606 | D:3      | Found a stormy altar of Qazlal.
  2613 | D:3      | Found a snail-covered altar of Cheibriados.
  2615 | D:3      | Found a glowing golden altar of the Shining One.
  2706 | D:3      | Reached XP level 4. HP: 20/24 MP: 6/12
  3316 | D:4      | Reached XP level 5. HP: 24/28 MP: 8/14
  3338 | D:4      | Reached skill level 5 in Spellcasting
  3343 | D:4      | Learned a level 3 spell: Vampiric Draining
  3585 | D:4      | Found an ancient bone altar of Kikubaaqudgha.
  3601 | D:4      | Became a worshipper of Kikubaaqudgha
  3871 | D:4      | Noticed an ogre
  3873 | D:4      | Found a hide-covered altar of Uskayaw.
  3961 | D:4      | Killed an ogre
  3961 | D:4      | Reached XP level 6. HP: 18/32 MP: 2/17
  4223 | D:5      | Entered Level 5 of the Dungeon
  4223 | D:5      | Found a transporter.
  4223 | D:5      | Noticed sking99's ghost (novice OgTm)
  4371 | D:5      | Found a transporter.
  4379 | D:5      | Found a glowing drain.
  4386 | Sewer    | Entered a sewer
  4584 | Sewer    | Reached * piety under Kikubaaqudgha
  4584 | Sewer    | Identified Kikubaaqudgha's Disquisition on Dark Rituals (Kikubaaqudgha gifted it to you in a sewer)
  4584 | Sewer    | Received a gift from Kikubaaqudgha
  4591 | Sewer    | Reached skill level 1 in Short Blades
  4600 | Sewer    | Learned a level 2 spell: Corpse Rot
  4710 | Sewer    | Found a white marble altar of Elyvilon.
  4845 | D:5      | Noticed a hungry ghost
  4850 | D:5      | Noticed a sky beast
  4850 | D:5      | Noticed Grinder
  4881 | D:5      | Reached XP level 7. HP: 33/37 MP: 8/19
  5013 | D:5      | Found Zochesoe's Gadget Boutique.
  5031 | D:5      | HP: 1/37 [orc priest/divine providence (12)]
  5032 | D:5      | Slain by Grinder

Vault maps used:
D:1:      dpeg_arrival_solitude, kennysheep_crisscross
D:3:      minitemple
D:4:      old_standard_altar, eat_drink_and_be_merry_uskayaw, first_ration
D:5:      portal_sewer_entry_e, serial_shops, nicolae_shop_stone,
          gammafunk_ghost_arena, minmay_misc_feat_ornament, item_on_display_b,
          uniq_crazy_yiuf_cottage, uniq_sigmund, uniq_grinder, uniq_ijyb
Sewer:    sewer_kobolds

Skill      XL: |  1  2  3  4  5  6 |
---------------+-------------------+-----
Necromancy     | 5 6 7 |  7.9
Spellcasting   | 4 6 7 |  7.3
Stealth        | 3 |  3.0
Short Blades   | 1 |  1.1
Dodging        | 3 |  3.1
Fighting       | |  0.4
Armour         | |  0.3

Action                   |  1- 3 |  4- 6 |  7- 9 || total
-------------------------+-------+-------+-------++-------
Melee: Rapier            |    10 |       |       ||    10
       Dagger            |     7 |    59 |     4 ||    70
 Fire: Shortbow          |       |       |     1 ||     1
 Cast: Pain              |    77 |    88 |     2 ||   167
       Animate Skeleton  |    23 |    16 |     1 ||    40
       Regeneration      |     1 |     2 |       ||     3
       Vampiric Draining |       |     7 |     5 ||    12
  Use: Scroll            |       |     6 |       ||     6
       Potion            |       |       |     3 ||     3
 Stab: Sleeping          |     3 |       |       ||     3
  Eat: Chunk             |     5 |     7 |     1 ||    13
Armor: Robe              |     3 |     4 |       ||     7
       Leather armour    |       |    18 |       ||    18
Dodge: Dodged            |    23 |   107 |     3 ||   133

Table legend:
 A = Spawn XP
 B = Non-spawn XP
 C = Spawn XP percentage of total XP
 D = Spawn monster count
 E = Non-spawn monster count
 F = Spawn count percentage of total count
 G = Total turns spent on level
                    A         B        C        D         E        F      G
               +---------+---------+-------+---------+---------+-------+---------
         Total |       0 |     895 |   0.0 |       0 |     102 |   0.0 |  5032
               +---------+---------+-------+---------+---------+-------+---------
           D:1 |       0 |      34 |   0.0 |       0 |      18 |   0.0 |  1447
           D:2 |       0 |      47 |   0.0 |       0 |      20 |   0.0 |  1049
           D:3 |       0 |     112 |   0.0 |       0 |      23 |   0.0 |   852
           D:4 |       0 |     269 |   0.0 |       0 |      16 |   0.0 |   909
           D:5 |       0 |     294 |   0.0 |       0 |      15 |   0.0 |   407
         Sewer |       0 |     139 |   0.0 |       0 |      10 |   0.0 |   368
               +---------+---------+-------+---------+---------+-------+---------
